Map: Ephemeron LE

Players

Mez

  • Race: Terran Terran
  • League: Master
  • Spawn Location: 11:00

llllllllllll - Winner!

  • Race: Protoss Protoss
  • League: Master
  • Spawn Location: 5:00

VOD

Have the link to the VOD?

Description

Time

  • Played on: Sept. 9, 2019, 10:34 a.m.
  • Length: 8:20
Show
View Real Time Build Order
Export as new Build Order

Mez Terran 

Build Orders: Reaper Expand 

Get SALT Encoding   

  12  0:01  SCV  
  13  0:13  SCV  
  14  0:17  Supply Depot  
  14  0:25  SCV  
  15  0:39  SCV  
  15  0:40  Barracks  
  16  0:44  Refinery  
  16  0:51  SCV  
  17  1:03  SCV  
  18  1:15  SCV  
  19  1:29  Orbital Command, Reaper  
  20  1:41  Command Center  
  20  1:51  Bunker  
  20  1:55  SCV  
  20  2:00  Supply Depot  
  21  2:06  Marine  
  21  2:07  SCV  
  23  2:16  Factory  
  23  2:21  SCV  
  24  2:27  Barracks Reactor  
  24  2:30  Refinery  
  24  2:34  SCV  
  25  2:46  SCV  
  26  2:55  Orbital Command  
  26  3:01  Widow Mine  
  26  3:02  Starport  
  26  3:05  SCV  
  29  3:08  Marine x2  
  31  3:17  SCV  
  32  3:23  Factory Tech Lab  
  32  3:26  SCV, Marine x2  
  35  3:29  SCV  
  35  3:33  Supply Depot  
  36  3:38  SCV  
  36  3:40  Viking  
  36  3:41  SCV  
  40  3:43  Siege Tank  
  43  3:48  Marine  
  43  3:49  Marine  
  45  3:57  SCV x2  
  45  4:02  Refinery  
  46  4:03  Supply Depot  
  46  4:07  Marine x2  
  46  4:08  Barracks  
  48  4:13  Viking  
  48  4:15  SCV x2  
  52  4:25  Cyclone, Marine x2  
  53  4:44  Marine x2  
  52  4:57  Cyclone  
  52  5:02  SCV x2  
  52  5:03  Marine x2  
  52  5:04  Viking  
  49  5:15  SCV x2  
  49  5:24  Marine  
  48  5:32  Marine  
  47  5:35  Viking  
  49  5:47  Mag-Field Accelerator  
  49  5:48  Barracks Tech Lab  
  43  5:50  SCV x2  
  43  5:56  Cyclone, Marine  
  43  5:57  Marine  
  48  6:02  SCV x2  
  51  6:10  Marine  
  52  6:14  SCV x2, Marine  
  54  6:20  Marine  
  47  6:27  Viking  
  47  6:28  Marine  
  47  6:32  Marine  
  46  6:38  Marine  
  46  6:39  SCV x2  
  46  6:45  Cyclone  
  46  6:46  Marine  
  47  6:56  SCV x2  
  46  7:04  Marine  
  46  7:08  SCV x2  
  44  7:14  Barracks x2  
  39  7:15  Viking  
  39  7:16  Viking  
  39  7:17  Cyclone  
  39  7:18  Marine  
  39  7:20  SCV x2  
  49  7:32  SCV, Marine  
  49  7:36  Marine  
  40  7:45  Viking  
  40  7:46  SCV x2  
  40  7:49  Marine  
  45  7:54  Marine  
Show
View Real Time Build Order
Export as new Build Order

llllllllllll Protoss - Winner!

Build Orders:  

Get SALT Encoding   

  12  0:01  Probe  
  13  0:13  Probe  
  14  0:18  Pylon  
  14  0:24  Probe  
  15  0:32  Probe  
  15  0:39  Gateway  
  15  0:40  Probe  
  16  0:48  Assimilator  
  17  0:57  Pylon  
  17  0:59  Probe  
  18  1:11  Probe  
  18  1:16  Gateway  
  19  1:23  Probe  
  20  1:29  Cybernetics Core  
  20  1:36  Assimilator  
  20  1:39  Probe  
  21  1:51  Probe  
  22  1:56  Stalker x2  
  22  2:03  Probe  
  22  2:07  Warp Gate  
  27  2:25  Stalker x2  
  31  2:35  Pylon  
  31  2:53  Stargate  
  31  2:59  Shield Battery  
  31  3:00  Shield Battery  
  31  3:04  Stalker  
  33  3:29  Nexus  
  33  3:46  Fleet Beacon  
  33  3:53  Probe  
  33  4:03  Stalker  
  35  4:18  Pylon  
  35  4:21  Tempest  
  34  4:45  Stalker x2  
  31  5:15  Stalker x2  
  31  5:16  Probe  
  34  5:26  Probe  
  35  5:38  Probe  
  35  5:41  Stalker x2  
  38  5:51  Pylon  
  38  5:55  Probe  
  39  5:58  Tempest  
  39  6:06  Stalker x2  
  48  6:16  Shield Battery  
  45  6:33  Tempest  
  45  6:44  Shield Battery  
  45  6:45  Shield Battery  
  46  7:06  Tempest  
  46  7:17  Assimilator  
  46  7:19  Probe  
  50  7:31  Probe  
  51  7:37  Stalker  
  51  7:43  Pylon  
  54  8:03  Stalker x2  
Tags
 
Add a new tag
Caveats
  • Supply blocks, unpowered buildings, or Contaminate may cause inaccurate times.
  • Supply counts are checked every 10 seconds.